 Dungeon Sprint DCSS version 0.24.0-41-g2ae2f7f1be (webtiles) character file.

Game seed: 12787336765839977368, levelgen mode: deterministic

58 Groucho the Skirmisher (level 4, -1/45 HPs)
             Began as a Naga Fighter on Dec 15, 2019.
             Was an Initiate of Cheibriados.
             Killed from afar by a gargoyle (20 damage)
             ... with a stone arrow
             ... in the Dungeon (Sprint IX: "|||||||||||||||||||||||||||||").
             The game lasted 00:02:07 (184 turns).

Groucho the Skirmisher (Naga Fighter)                Turns: 184, Time: 00:02:08

Health: -1/45      AC: 10    Str: 19    XL:     4   Next: 2%
Magic:  4/4        EV:  3    Int:  9    God:    Cheibriados [......]
Gold:   0          SH: 10    Dex: 16    Spells: 3/3 levels left

rFire    . . .     SeeInvis +   r - +3 war axe (chop)
rCold    . . .     Gourm    .   c - +0 shield
rNeg     . . .     Faith    .   s - +1 chain mail
rPois    +         Spirit   .   (no helmet)
rElec    .         Reflect  .   a - +0 cloak
rCorr    .         Harm     .   (no gloves)
MR       .....     NoTele   +   (no barding)
Stlth    ..........             (no amulet)
HPRegen  0.15/turn              b - +2 ring of protection
MPRegen  0.09/turn              t - +3 ring of dexterity

@: very slightly contaminated, invisible, very slow
A: large, see invisible, deformed body, poison resistance, slowness 2, slow
metabolism 1, spit poison 1, AC +1
a: Spit Poison, Bend Time, Renounce Religion


You were in the Dungeon.
You worshipped Cheibriados.
Cheibriados was noncommittal.
You were not hungry.

You visited 1 branch

Inventory:

Hand Weapons
 q - a +2 morningstar of protection
 r - a +3 war axe of chopping (weapon)
Armour
 a - a +0 cloak (worn)
 c - a +0 shield (worn)
 s - a +1 chain mail (worn)
Jewellery
 b - a +2 ring of protection (left hand)
 t - a +3 ring of dexterity (right hand)
Wands
 p - a wand of iceblast (10)
Scrolls
 k - 2 scrolls of blinking
 n - 3 scrolls of remove curse
 o - 2 scrolls of amnesia
Potions
 d - a potion of might
 e - 5 potions of curing
 h - a potion of haste
 i - 4 potions of magic
 j - a potion of berserk rage
 m - a potion of heal wounds
Comestibles
 f - a ration
 l - 8 chunks of flesh


   Skills:
 + Level 4.7 Fighting
 + Level 4.1 Axes
 + Level 3.9 Armour
 + Level 3.9 Shields


You had 3 spell levels left.
You didn't know any spells.
Your spell library was empty.

Dungeon Overview and Level Annotations

Branches:
Dungeon (1/1)

Altars:
Cheibriados
Dithmenos
Elyvilon
Fedhas
Gozag
Hepliaklqana
Kikubaaqudgha
Makhleb
Nemelex Xobeh
Okawaru
Qazlal
Ru
Sif Muna
Trog
Uskayaw
Vehumet
Wu Jian
Xom
Yredelemnul
Zin
The Shining One
Beogh
Jiyva
Lugonu


Innate Abilities, Weirdness & Mutations

You cannot wear boots.
Your serpentine skin is tough. (AC +1)
You have supernaturally acute eyesight. (SInv)
Armour fits poorly on your strangely shaped body.
Your system is resistant to poisons. (rPois)
You cover ground very slowly.
You have a slow metabolism.
You can spit poison.


Message History

You strike the helpless phantom from behind!
You hit the phantom. You block the gargoyle's attack. The phantom hits you.
You block the gargoyle's attack.
You hit the gargoyle but do no damage.
The gargoyle is severely damaged.
You closely miss the phantom.
The phantom hits you but does no damage.
You block the gargoyle's attack.
You hit the gargoyle but do no damage.
The gargoyle is severely damaged.
Your shield and chain mail prevent you from hitting the phantom.
The phantom hits you but does no damage.
You block the gargoyle's attack.
The phantom hits you but does no damage.
You hit the gargoyle.
The gargoyle is almost destroyed.
You hit the phantom but do no damage.
The gargoyle hurls a stone arrow at you.
The stone arrow hits you!!
You die...

▓.▓
▓|▓
▓)▓
▓[▓
▓.▓
▓[▓
▓.▓
▓W▓
▓@▓
▓9▓
▓l▓
▓y▓
▓c▓
▓.▓
▓.▓
▓+▓


You could see a phantom, a gargoyle, a centaur, a killer bee and a leopard
gecko.

Vanquished Creatures
  A gnoll (D)
  2 adders (D)
  A leopard gecko (D)
  A goblin (D)
  2 hobgoblins (D)
  2 kobolds (D)
  A ball python skeleton (D)
10 creatures vanquished.

Vanquished Creatures (others)
  A bullfrog (D)
1 creature vanquished.

Grand Total: 11 creatures vanquished

Notes
Turn   | Place    | Note
-------+----------+-------------------------------------------
     0 | D        | Groucho the Naga Fighter began the quest for the Orb.
     0 | D        | Reached XP level 1. HP: 21/21 MP: 1/1
    43 | D        | Reached XP level 2. HP: 12/28 MP: 2/2
    70 | D        | Reached XP level 3. HP: 29/36 MP: 3/3
    94 | D        | Found a roughly hewn altar of Beogh.
    94 | D        | Found a snail-covered altar of Cheibriados.
    94 | D        | Found a shadowy altar of Dithmenos.
    94 | D        | Found a white marble altar of Elyvilon.
    94 | D        | Found a blossoming altar of Fedhas.
    94 | D        | Found an opulent altar of Gozag.
    95 | D        | Found a hazy altar of Hepliaklqana.
    96 | D        | Found a viscous altar of Jiyva.
    97 | D        | Found an ancient bone altar of Kikubaaqudgha.
    98 | D        | Found a corrupted altar of Lugonu.
    99 | D        | Found a burning altar of Makhleb.
   100 | D        | Found a sparkling altar of Nemelex Xobeh.
   101 | D        | Found an iron altar of Okawaru.
   106 | D        | Became a worshipper of Cheibriados the Contemplative
   111 | D        | Found a stormy altar of Qazlal.
   112 | D        | Found a sacrificial altar of Ru.
   113 | D        | Found a shimmering blue altar of Sif Muna.
   114 | D        | Found a bloodstained altar of Trog.
   115 | D        | Found a hide-covered altar of Uskayaw.
   116 | D        | Found a radiant altar of Vehumet.
   117 | D        | Found an ornate altar of the Wu Jian Council.
   118 | D        | Found a shimmering altar of Xom.
   119 | D        | Found a basalt altar of Yredelemnul.
   120 | D        | Found a glowing silver altar of Zin.
   121 | D        | Found a glowing golden altar of the Shining One.
   168 | D        | Noticed a phantom
   168 | D        | Noticed a bullfrog
   168 | D        | Noticed a gargoyle
   168 | D        | Noticed a killer bee
   168 | D        | Noticed a centaur
   173 | D        | Killed a bullfrog
   173 | D        | Reached XP level 4. HP: 25/45 MP: 4/4
   184 | D        | Killed from afar by a gargoyle

Levels and vault maps discovered:
D:        linesprint [early_d, line_temple, items_1, d_10, items_2, lair_1,
          lair_end, items_3, orc_1, orc_end, items_4, d_15, swamp_1, shoals_1,
          snake_1, spider_1, d_20, vaults_1, items_5, swamp_end, shoals_end,
          snake_end, spider_end, vaults_end, d_27, items_6, zot_1, zot_end,
          crypt_end, forest_end, elf_end, slime_end, tomb_end, abyss_end,
          pan_hell_end]

Skill      XL: |  1  2  3 |
---------------+----------+-----
Axes           | 3 4 |  4.1
Armour         | 3 |  3.9
Shields        | 3 |  3.9
Fighting       | 4 |  4.7

Action                   |  1- 3 |  4- 6 || total
-------------------------+-------+-------++-------
Melee: War axe           |    66 |    10 ||    76
  Use: Potion            |     2 |     1 ||     3
 Stab: Invisible         |       |     2 ||     2
Armor: Scale mail        |    24 |       ||    24
       Chain mail        |     3 |     6 ||     9
Dodge: Dodged            |    11 |     2 ||    13
Block: Shield            |    32 |     6 ||    38
